 Dungeon Crawl Stone Soup version 0.27.1 (webtiles) character file.

Game seed: 4417443583100714312

167 MajorAdolf the Skirmisher (level 5, -3/52 HPs)
             Began as a Naga Wanderer on Aug 23, 2021.
             Killed by divine providence
             ... invoked by an orc priest
              (11 damage)
             ... on level 2 of the Dungeon.
             The game lasted 00:09:14 (4337 turns).

MajorAdolf the Skirmisher (Naga Wanderer)           Turns: 4337, Time: 00:09:14

Health: -3/52      AC: 10    Str: 16    XL:     5   Next: 48%
Magic:  5/5        EV:  9    Int: 13    God:
Gold:   119        SH:  0    Dex:  9    Spells: 4/4 levels left

rFire    . . .     SeeInvis +   h - +1 short sword (protect)
rCold    . . .     Faith    .   (no shield)
rNeg     . . .     Spirit   .   e - +0 robe
rPois    +         Reflect  .   l - +0 helmet
rElec    .         Harm     .   (no cloak)
rCorr    .         Rampage  .   (no gloves)
Will     .....                  (no barding)
Stlth    +.........             (no amulet)
HPRegen  0.17/turn              (no ring)
MPRegen  0.09/turn              (no ring)

@: short of breath, under a protective aura, very slow
A: AC +1, large, see invisible, deformed body, poison resistance, slowness 2,
spit poison 1, naga tail 1
a: Spit Poison


You were on level 2 of the Dungeon.
You visited 1 branch of the dungeon, and saw 4 of its levels.

You collected 119 gold pieces.

Inventory:

Hand Weapons
 a - a +0 club
 g - a +0 whip
 h - a +1 short sword of protection (weapon)
Armour
 e - a +0 robe (worn)
 l - a +0 helmet (worn)
Magical Staves
 m - a staff of fire
Scrolls
 b - 2 scrolls of blinking
 i - 4 scrolls of identify {unknown}
 n - a scroll of brand weapon {unknown}
 o - 2 scrolls of vulnerability {unknown}
Potions
 c - a potion of curing
 d - 2 potions of lignification
 f - a potion of haste
 j - a potion of heal wounds {unknown}
 k - a potion of flight {unknown}


   Skills:
 + Level 5.5 Fighting
 - Level 1.0 Maces & Flails
 - Level 1.0 Throwing
 - Level 1.5 Armour
 - Level 1.5 Stealth
 - Level 1.0 Shields
 - Level 2.0 Unarmed Combat


You had 4 spell levels left.
You didn't know any spells.
Your spell library contained the following spells:

 Spells                   Type           Power      Damage    Failure   Level
 Slow                     Hex            0%         N/A       43%         2
 Confusing Touch          Hex            0%         N/A       67%         3
 Yara's Violent Unravell  Hex/Tmut       0%         3d3       100%        5


Dungeon Overview and Level Annotations

Branches:
Dungeon (4/15)
 Temple: D:4-7

Altars:
Wu Jian

Annotations:
D:2 exclusion: downstairs


Innate Abilities, Weirdness & Mutations

Your serpentine skin is tough. (AC +1)
You have supernaturally acute eyesight. (SInv)
Armour fits poorly on your strangely shaped body.
Your system is resistant to poisons. (rPois)
You cover ground very slowly.
You can spit poison.
You have a snake-like lower body.


Message History

Press: ? - help, Shift-Dir - straight line, f - orc priest
Aim: an orc priest, wielding a +0 dagger and wearing a +0 ring mail The splash of poison misses the orc priest.
The orc hits you with a +0 whip. The orc priest closely misses you.
Unknown command.
You hit the orc priest but do no damage.
Your weapon exudes an aura of protection.
The orc hits you but does no damage.
The orc priest hits you but does no damage.
You barely miss the orc priest. The orc hits you with a +0 whip.
The orc priest hits you but does no damage.
You hit the orc priest.
The orc priest is moderately wounded.
You have got your breath back.
The orc hits you with a +0 whip. The orc priest completely misses you.
Press: ? - help, Shift-Dir - straight line, f/p - orc priest
Aim: an orc priest, wielding a +0 dagger and wearing a +0 ring mail (moderately wounded)
The splash of poison hits the orc priest but does no damage.
The orc priest is poisoned.
The orc priest is moderately wounded.
The orc hits you but does no damage.
The orc priest hits you with a +0 dagger.
You hit the orc priest.
The orc priest is severely wounded.
The orc hits you but does no damage.
The orc priest mumbles some strange prayers to Beogh against you.
Beogh smites you!
You barely miss the orc priest.
The orc priest is severely wounded.
The orc barely misses you.
The orc priest mumbles some strange prayers to Beogh against you.
Pain shoots through your body!
* * * LOW HITPOINT WARNING * * *
Unknown command.
You barely miss the orc priest.
The orc priest is almost dead.
The orc hits you but does no damage.
The orc priest calls down the wrath of Beogh upon you.
Beogh smites you!
You die...

#.........# #.......#####.
#.......#.## ##.##...###...
#..........## ####.##.#.......
#...........#### #....##.##......
#########......###.#####.##......
............##.##..#####.##......
.................................
.............##)oo#..#..<##......
....#######..##.@...##.###.......
....#######........###)###.......
.................................
....#########<......##.##........
....# #.##.##.##.##.#.#...< ....#
###.##.##.......#.#...#
....#######...##....###.###...###
.....).).....###....##...##...#
.............# ##...##.#.....##


You could see an orc priest (poisoned) and an orc.

Vanquished Creatures
  An orc priest (D:3)
  An iguana (D:3)
  An orc wizard (D:2)
  A worm (D:2)
  2 dart slugs
  3 orcs
  8 endoplasms
  2 giant cockroaches (D:2)
  7 goblins
  6 hobgoblins
  9 jackals
  7 kobolds
  2 quokkas
  3 ball pythons
  8 bats
  7 frilled lizards
  3 rats
71 creatures vanquished.

Notes
Turn   | Place    | Note
-------+----------+-------------------------------------------
     0 | D:1      | MajorAdolf the Naga Wanderer began the quest for the Orb.
     0 | D:1      | MajorAdolf set off with the following items: a +0 club, a
                  | scroll of blinking, a potion of curing, a potion of
                  | lignification, a +0 robe, a potion of haste
     0 | D:1      | Reached XP level 1. HP: 19/19 MP: 1/1
   411 | D:1      | Reached XP level 2. HP: 27/27 MP: 2/2
   615 | D:1      | Reached skill level 3 in Fighting
  1224 | D:1      | Reached XP level 3. HP: 34/34 MP: 3/3
  2000 | D:2      | Found a faded altar of an unknown god.
  2149 | D:2      | Reached skill level 4 in Fighting
  2383 | D:2      | Reached XP level 4. HP: 38/44 MP: 4/4
  4086 | D:3      | Reached skill level 5 in Fighting
  4086 | D:3      | Reached XP level 5. HP: 43/52 MP: 5/5
  4164 | D:3      | Found an ornate altar of the Wu Jian Council.
  4337 | D:2      | Killed from afar by an orc priest

Illustrated notes

Levels and vault maps discovered:
D:1:      roderic_dead_forest, layout_rooms
D:2:      layout_rooms, shapermc_ecumenical_altar_flowoftime,
          minmay_strange_pillars
D:3:      layout_basic, nicolae_wu_jian_wuxing_cycle, minmay_fractal_squares_5
D:4:      layout_layer_cave, serial_shops, nicolae_square_shop,
          kennysheep_nondescript, grunt_ministairs_3

Skill      XL: |  1  2  3  4 |
---------------+-------------+-----
Fighting       | 3 4 5 |  5.5
Maces & Flails | |  1.0
Throwing       | |  1.0
Armour         | |  1.5
Stealth        | |  1.5
Shields        | |  1.0
Unarmed Combat | |  2.0

Action                   |  1- 3 |  4- 6 || total
-------------------------+-------+-------++-------
Melee: Club              |     4 |       ||     4
       Short sword       |   132 |   101 ||   233
       Whip              |     3 |       ||     3
       Punch             |     1 |       ||     1
 Abil: Spit Poison       |    16 |    14 ||    30
  Use: Potion            |       |     1 ||     1
 Stab: Sleeping          |     1 |       ||     1
Armor: Robe              |    65 |    49 ||   114
       Skin              |       |     8 ||     8
Dodge: Dodged            |    88 |    44 ||   132
